 Dungeon Crawl Stone Soup version 0.28-a0-465-ge2dae52223 (webtiles) character file.

Game seed: 6860397977825975457

92 omnomnOMINOUS the Cutter (level 4, 0/43 HPs)
             Began as an Octopode Wanderer on Sept 15, 2021.
             Slain by a centaur zombie (2 damage)
             ... on level 3 of the Dungeon.
             The game lasted 00:04:08 (2780 turns).

omnomnOMINOUS the Cutter (Octopode Wanderer)        Turns: 2780, Time: 00:04:09

Health: 0/43       AC: 22    Str: 10    XL:     4   Next: 60%
Magic:  7/7        EV:  2    Int: 17    God:
Gold:   19         SH:  0    Dex: 12    Spells: 7/7 levels left

rFire   . . .      SeeInvis .   a - +2 dagger
rCold   . . .      Faith    .   (no shield)
rNeg    + + +      Spirit   .   (helmet currently unavailable)
rPois   +          Reflect  .   (no amulet)
rElec   .          Harm     .   (no ring)
rCorr   .          Rampage  .   (no ring)
Will    .....      NoTele   +   (no ring)
Stlth   ++........              (no ring)
HPRegen 0.14/turn               (no ring)
MPRegen 0.10/turn               (no ring)
                                (no ring)
                                (no ring)

@: tree-form, attractive, very slow
A: stationary, stasis, torment immunity, boosted hp, almost no armour,
(amphibious), 8 rings, (camouflage 1), (gelatinous body 1), (nimble swimmer 1),
(tentacles), clever 1, MP-powered wands
a: no special abilities


You were on level 3 of the Dungeon.
You were a tree.
You visited 1 branch of the dungeon, and saw 3 of its levels.

You collected 19 gold pieces.

Inventory:

Hand Weapons
 a - a +2 dagger (weapon)
 d - a +0 short sword
Magical Staves
 m - a staff of cold
Scrolls
 f - 2 scrolls of identify {unknown}
 i - a scroll of summoning {unknown}
 j - a scroll of silence {unknown}
 k - 2 scrolls of enchant armour {unknown}
 n - a scroll of magic mapping {unknown}
Potions
 h - a potion of lignification


   Skills:
 + Level 2.1 Fighting
 - Level 4.0 Short Blades
 - Level 2.0 Staves
 + Level 2.2 Dodging
 - Level 2.6 Stealth
 * Level 2.4 Spellcasting


You had 7 spell levels left.
You didn't know any spells.
Your spell library contained the following spells:

 Spells                   Type           Power      Damage    Failure   Level
 Olgreb's Toxic Radiance  Pois           2%         N/A       88%         4
 Ozocubu's Refrigeration  Ice            1%         4d5       100%        7
 Ignition                 Fire           1%         3d3       100%        8


Dungeon Overview and Level Annotations

Branches:
Dungeon (3/15)

Altars:


Innate Abilities, Weirdness & Mutations

You are a tree.
Your roots penetrate the ground, keeping you stationary.
You cannot be teleported.
You are immune to unholy pain and torment.
Your maximum health is greatly increased.
You cannot wear most types of armour.
((You are amphibious.))
You can wear up to eight rings at the same time.
((Your skin changes colour to match your surroundings (Stealth+).))
((Your rubbery body absorbs attacks. (AC +1, EV +1)))
((You are camouflaged near water. (Stealth+)))
((You have tentacles for arms and can constrict up to eight enemies at once.))
Your mind is acute. (Int +2)
You expend magic power (3 MP) to strengthen your wands.


Message History

The quokka looks frightened!
The hobgoblin cries, "Mercy!"
The centaur zombie hits you but does no damage.
The centaur zombie kicks you but does no damage.
The shadow imp hits you but does no damage.
The endoplasm is attracted toward you. The hobgoblin is attracted toward you.
The orc is attracted toward you.
The ball python is attracted toward you.
The frilled lizard is attracted toward you.
You hit the centaur zombie.
The centaur zombie is lightly damaged.
The centaur zombie hits you but does no damage.
The centaur zombie kicks you but does no damage.
The shadow imp hits you but does no damage.
The orc is attracted toward you. The quokka is attracted toward you.
The ball python is attracted toward you.
As you read the scroll of fear, it crumbles to dust.
You assume a fearsome visage.
The shadow imp is unaffected.
The centaur zombie is unaffected.
The centaur zombie hits you.
* * * LOW HITPOINT WARNING * * *
The centaur zombie kicks you but does no damage.
The shadow imp hits you but does no damage.
The endoplasm is attracted toward you. The orc is attracted toward you.
The ball python is attracted toward you.
The hobgoblin is attracted toward you.
The frilled lizard is attracted toward you.
The quokka is attracted toward you.
You hit the centaur zombie.
The centaur zombie is moderately damaged.
The centaur zombie hits you but does no damage.
The centaur zombie kicks you but does no damage.
The orc is attracted toward you.
The ball python is attracted toward you.
The hobgoblin is attracted toward you.
The frilled lizard is attracted toward you.
The quokka is attracted toward you.
You hit the centaur zombie.
The centaur zombie is moderately damaged.
The centaur zombie hits you.
You die...

##≈..♣ .♣
#≈≈..♣ $.♣
#≈...♣ ⌠.♣
#≈...♣./.
+....♣.♣♣♣..
#≈...§§§...≈
#≈≈§rS§...≈≈
##ZJog..≈≈≈#
##♣5l§§≈###
########


You could see a shadow imp, an orc (fleeing), a centaur zombie, an endoplasm
(fleeing), a quokka (fleeing), a hobgoblin (fleeing), a ball python (fleeing)
and a frilled lizard (fleeing).

Vanquished Creatures
  4 adders (D:2)
  4 worms (D:2)
  3 ball pythons (D:1)
  3 bats
  6 endoplasms
  4 giant cockroaches
  6 goblins
  3 hobgoblins
  A quokka (D:1)
  3 frilled lizards
  A kobold (D:1)
  4 rats
42 creatures vanquished.

Notes
Turn   | Place    | Note
-------+----------+-------------------------------------------
     0 | D:1      | omnomnOMINOUS the Octopode Wanderer began the quest for the
                  | Orb.
     0 | D:1      | omnomnOMINOUS set off with the following items: a +2
                  | dagger, a scroll of fear, a scroll of teleportation, a +0
                  | short sword
     0 | D:1      | Reached XP level 1. HP: 13/13 MP: 1/1
   541 | D:1      | Reached XP level 2. HP: 18/18 MP: 3/3
   546 | D:1      | Reached skill level 1 in Spellcasting
  1136 | D:1      | Reached XP level 3. HP: 23/23 MP: 5/5
  1827 | D:2      | Reached XP level 4. HP: 20/29 MP: 7/7
  2758 | D:3      | Noticed a kobold brigand
  2772 | D:3      | Gained mutation: Your mind is acute. (Int +2) [potion of
                  | mutation]
  2772 | D:3      | Gained mutation: You expend magic power (3 MP) to
                  | strengthen your wands. [potion of mutation]
  2778 | D:3      | HP: 2/43 [centaur zombie (1)]
  2780 | D:3      | Slain by a centaur zombie

Illustrated notes

Levels and vault maps discovered:
D:1:      sevenhm_arrival_forest_fort_small_4, layout_loops_corners,
          hangedman_decor_riveting, grunt_decor_fettered,
          kennysheep_another_room
D:2:      layout_loops_corners
D:3:      lemuel_castle_with_subvaults [lemuel_castle_interior_carwin_3],
          layout_rooms, kennysheep_potato, uniq_terence

Skill      XL: |  1  2  3 |
---------------+----------+-----
Spellcasting   | 1 2 |  2.4
Fighting       | 2 |  2.1
Dodging        | 2 |  2.2
Short Blades   | |  4.0
Staves         | |  2.0
Stealth        | |  2.6

Action                   |  1- 3 |  4- 6 || total
-------------------------+-------+-------++-------
Melee: Dagger            |    52 |    36 ||    88
       Constrict         |     6 |     7 ||    13
       Tentacles         |     4 |     1 ||     5
  Use: Potion            |       |     5 ||     5
       Scroll            |       |     3 ||     3
 Stab: Sleeping          |    13 |     3 ||    16
Armor: Skin              |     5 |    27 ||    32
Dodge: Dodged            |    24 |    17 ||    41

Table legend: (Time is in decaauts)
 A = Elapsed time spent in this place.
 B = Non-inter-level travel time spent in this place.
 C = Inter-level travel time spent in this place.
 D = Time resting spent in this place.
 E = Time spent auto-exploring this place.
 F = Levels seen in this place.
 G = Mean time per level.
                   A        B        C        D        E       F      G
               +--------+--------+--------+--------+--------+-----+--------+
         Total |   2762 |   2703 |     59 |    679 |   1735 |   3 |  920.7 |
       Dungeon |   2762 |   2703 |     59 |    679 |   1735 |   3 |  920.7 |
               +--------+--------+--------+--------+--------+-----+--------+

Top non-repeatable levels by time:
     D:2: 1406 daAuts
     D:1: 1335 daAuts
     D:3: 20 daAuts
